 Dungeon Crawl Stone Soup version 0.26-b1-32-g5d43845318 (webtiles) character file.

Game seed: 18082318626642357303

36 Borgoz the Cudgeller (level 3, -3/30 HPs)
             Began as a Ghoul Gladiator on Jan 13, 2021.
             Slain by a hound (5 damage)
             ... on level 2 of the Dungeon.
             The game lasted 00:00:58 (765 turns).

Borgoz the Cudgeller (Ghoul Gladiator)               Turns: 765, Time: 00:00:59

Health: -3/30      AC:  4    Str: 18    XL:     3   Next: 37%
Magic:  2/2        EV: 12    Int:  3    God:
Gold:   75         SH:  0    Dex: 10    Spells: 2/2 levels left

rFire    + . .     SeeInvis .   a - +0 flail
rCold    + + .     Faith    .   (no shield)
rNeg     + + +     Spirit   .   b - +0 leather armour
rPois    ∞         Reflect  .   c - +0 helmet
rElec    +         Harm     .   (no cloak)
rCorr    +         Rampage  .   (no gloves)
Will     .....                  (no boots)
Stlth    +.........             (no amulet)
HPRegen  0.00/turn              (no ring)
MPRegen  0.08/turn              (no ring)

@: resistant, attractive
A: claws 1, cold resistance 1, negative energy resistance 3, inhibited
regeneration, torment resistance, unbreathing
a: no special abilities


You were on level 2 of the Dungeon.
You visited 1 branch of the dungeon, and saw 2 of its levels.

You collected 75 gold pieces.

Inventory:

Hand Weapons
 a - a +0 flail (weapon)
Missiles
 d - 3 throwing nets (quivered)
Armour
 b - a +0 leather armour (worn)
 c - a +0 helmet (worn)
Scrolls
 e - a scroll of teleportation {unknown}
 g - a scroll of amnesia {unknown}
 i - a scroll of remove curse
 j - 2 scrolls of identify {unknown}
Potions
 f - a potion of lignification


   Skills:
 * Level 2.8 Fighting
 * Level 3.0 Maces & Flails
 - Level 1.7 Throwing
 * Level 1.1 Armour
 * Level 3.0 Dodging


You had 2 spell levels left.
You didn't know any spells.
Your spell library was empty.

Dungeon Overview and Level Annotations

Branches:
Dungeon (2/15)

Altars:


Innate Abilities, Weirdness & Mutations

You thrive by killing the living.
You are immune to poison.
You have sharp fingernails.
Your flesh is cold resistant. (rC+)
You are immune to negative energy. (rN+++)
You do not regenerate when monsters are visible.
You are immune to unholy pain and torment.
You can survive without breathing.


Message History

You are too injured to fight recklessly!
You are too injured to fight recklessly!
It was a potion of lignification.
You feel woody for a moment. The leopard gecko bites you.
* * * LOW HITPOINT WARNING * * *
The hound bites you.
* * * LOW HITPOINT WARNING * * *
The dart slug bites you.
* * * LOW HITPOINT WARNING * * *
The leopard gecko barely misses you. The hound bites you.
* * * LOW HITPOINT WARNING * * *
It was a potion of attraction.
You feel attractive to monsters. The hound bites you.
* * * LOW HITPOINT WARNING * * *
The leopard gecko closely misses you.
It was a potion of resistance.
You feel protected. The hound bites you.
You die...

#...###. ..
#....######...... #.
#.............†.. #..
###....####.....###
...#......#.......####
#.#.#..........<.###.
#...#......####......
#..h)......######....
..#.#l@......(.......##
#.....w......######..##
#........#.#(## ##.##
.>......##.....# #.##
........##..)..####
#...
...[....##........#
##..
........#########.#
##.. ........# #.###...
##...## ###...#.


You could see a hound, a dart slug and a leopard gecko.

Vanquished Creatures
  A worm (D:2)
  3 dart slugs
  A leopard gecko (D:2)
  A ball python (D:1)
  7 bats
  A giant cockroach (D:1)
  4 goblins
  3 hobgoblins
  A kobold (D:2)
  2 rats (D:2)
24 creatures vanquished.

Vanquished Creatures (others)
  A goblin (D:2)
1 creature vanquished.

Grand Total: 25 creatures vanquished

Notes
Turn   | Place    | Note
-------+----------+-------------------------------------------
     0 | D:1      | Borgoz the Ghoul Gladiator began the quest for the Orb.
     0 | D:1      | Reached XP level 1. HP: 17/17 MP: 0/0
   129 | D:1      | Reached XP level 2. HP: 15/25 MP: 1/1
   597 | D:2      | Reached XP level 3. HP: 30/30 MP: 2/2
   629 | D:2      | Reached skill level 1 in Armour
   765 | D:2      | Slain by a hound

Illustrated notes

Levels and vault maps discovered:
D:1:      minmay_arrival_jagged, layout_basic
D:2:      layout_rooms, general_overflow_altar, kennysheep_vampire_church

Skill      XL: |  1  2  3 |
---------------+----------+-----
Maces & Flails | 3 |  3.0
Dodging        | 3 |  3.0
Armour         | 1 |  1.1
Fighting       | |  2.8
Throwing       | |  1.7

Action                   || total
-------------------------++-------
Melee: Flail             ||    98
  Use: Scroll            ||     3
       Potion            ||     3
Armor: Leather armour    ||    45
Dodge: Dodged            ||    88
